 Dungeon Crawl Stone Soup version 0.27-a0-1347-gd8886f0a89 (webtiles) character file.

Game seed: 16176455173745443105

114 funkygono the Magician (level 5, -8/35 HPs)
             Began as a Djinni Fire Elementalist on June 28, 2021.
             Mangled by Terence (9 damage)
             ... on level 2 of the Dungeon.
             The game lasted 00:04:51 (2558 turns).

funkygono the Magician (Djinni Fire Elementalist)   Turns: 2558, Time: 00:04:52

Health: -8/35      AC:  2    Str:  4 (7)  XL:     5   Next: 19%
Gold:   55         EV: 13    Int: 16 (17) God:
                   SH:  0    Dex: 17 (20)

rFire    + + .     SeeInvis .   b - +0 falchion
rCold    . . .     Faith    .   (no shield)
rNeg     . . .     Spirit   .   a - +0 robe
rPois    ∞         Reflect  .   (no helmet)
rElec    .         Harm     .   (no cloak)
rCorr    .         Rampage  .   (no gloves)
Will     .....                  (boots unavailable)
Stlth    ++........             (no amulet)
HPRegen  0.11/turn              d - ring of protection from cold
MPRegen  0.00/turn              g - +6 ring of dexterity

@: flying
A: sickness immunity, fire resistance 2, cold vulnerability 1, float, innate
caster, hp casting, extra vitality 1
a: no special abilities


You were on level 2 of the Dungeon.
You visited 1 branch of the dungeon, and saw 2 of its levels.

You collected 55 gold pieces.

Inventory:

Hand Weapons
 b - a +0 falchion (weapon)
 e - a +0 whip
Armour
 a - a +0 robe (worn)
Jewellery
 d - a ring of protection from cold (left hand)
 f - a ring of protection from cold
 g - a +6 ring of dexterity (right hand)
 j - an amulet of reflection
Scrolls
 c - a scroll of enchant weapon {unknown}
 k - a scroll of noise {unknown}
Potions
 i - a potion of might {unknown}


   Skills:
 + Level 3.0 Dodging
 - Level 1.5 Stealth
 + Level 4.0 Spellcasting


You couldn't memorise any spells.
You knew the following spells:

 Your Spells              Type           Power      Damage    Failure   Level
a - Foxfire               Conj/Fire      64%        2x1d7     3%          1
b - Conjure Flame         Conj/Fire      16%        6-21      10%         3
c - Inner Flame           Hex/Fire       16%        N/A       10%         3
d - Sticky Flame          Conj/Fire      16%        2d4       32%         4
e - Fireball              Conj/Fire      8%         3d6       65%         5
f - Magic Dart            Conj           64%        1d6       3%          1
g - Corpse Rot            Necr/Air       N/A        N/A       4%          2
Your spell library was empty.

Dungeon Overview and Level Annotations

Branches:
Dungeon (2/15)

Altars:

Annotations:
D:2 1 runed translucent door, Crazy Yiuf, Terence


Innate Abilities, Weirdness & Mutations

You are immune to sickness and miasma.
You are immune to poison.
Your flesh is very heat resistant. (rF++)
You are vulnerable to cold. (rC-)
You float through the air rather than walking.
You learn spells naturally, not from books.
Your magical power is your life essence.
You have superior vitality. (+4 HP)


Message History

You conjure some foxfire!
The foxfire hits Terence but does no damage.
Terence is moderately wounded.
Terence hits you with a +3 falchion.
Unknown command.
Casting: Foxfire (safe; 3% risk of failure)
Confirm with . or Enter, or press ? or * to list all spells.
You conjure some foxfire!
The foxfire hits Terence.
Terence is heavily wounded.
The foxfire hits Terence but does no damage.
Terence is heavily wounded.
The foxfire hits Terence but does no damage.
Terence is heavily wounded.
Terence hits you with a +3 falchion!
Your magical contamination has completely faded away.
The foxfire hits Terence.
Terence is heavily wounded.
The foxfire hits Terence but does no damage.
Terence is heavily wounded.
Terence hits you with a +3 falchion!
* * * LOW HITPOINT WARNING * * *
Casting: Foxfire (safe; 3% risk of failure)
Confirm with . or Enter, or press ? or * to list all spells.
You conjure some foxfire!
* * * LOW HITPOINT WARNING * * *
Terence closely misses you.
You riposte.
You hit Terence but do no damage.
Terence is heavily wounded.
Casting: Foxfire (safe; 3% risk of failure)
Confirm with . or Enter, or press ? or * to list all spells.
You don't have enough health to cast this spell.
Unknown command.
It was a potion of degeneration.
There was something very wrong with that liquid.
You feel weakened.
You feel dopey.
You feel clumsy.
The foxfire hits Terence.
Terence is severely wounded.
The foxfire hits Terence.
Terence is severely wounded.
Terence hits you with a +3 falchion!
You die...

#####
.##....###############♣#♣
..)......................
.......@.§...#########♣#♣
...#....@§...# .
#♣.♣......# #.........#
#♣.♣......# ...##....##
.#♣ ♣...#.#
#....###.#.########
..♣.♣.............
..........########


You could see Terence.

Vanquished Creatures
  Jessica (D:2)
  2 adders (D:2)
  2 dart slugs
  3 bats (D:1)
  5 endoplasms
  A giant cockroach (D:1)
  4 goblins
  3 hobgoblins
  16 jackals
  A quokka (D:1)
  6 ball pythons
  9 frilled lizards (D:1)
  5 kobolds
  2 rats (D:1)
60 creatures vanquished.

Vanquished Creatures (collateral kills)
  5 foxfires (D:2)
5 creatures vanquished.

Vanquished Creatures (others)
  A bush (D:2)
  160 foxfires
  2 fungi (D:2)
  2 plants (D:2)
165 creatures vanquished.

Grand Total: 230 creatures vanquished

Notes
Turn   | Place    | Note
-------+----------+-------------------------------------------
     0 | D:1      | funkygono the Djinni Fire Elementalist began the quest for
                  | the Orb.
     0 | D:1      | Reached XP level 1. HP: 15/15 MP: 0/0
   214 | D:1      | Reached XP level 2. HP: 20/21 MP: 0/0
   338 | D:1      | Reached skill level 3 in Spellcasting
   541 | D:1      | Reached XP level 3. HP: 20/25 MP: 0/0
   541 | D:1      | Learned a level 1 spell: Magic Dart
  1101 | D:1      | Found a faded altar of an unknown god.
  1502 | D:2      | Reached XP level 4. HP: 21/31 MP: 0/0
  1633 | D:2      | Noticed Jessica
  1663 | D:2      | Killed Jessica
  1991 | D:2      | Reached XP level 5. HP: 31/35 MP: 0/0
  1991 | D:2      | Learned a level 2 spell: Corpse Rot
  2255 | D:2      | Found a runed translucent door.
  2256 | D:2      | Noticed Crazy Yiuf
  2405 | D:2      | Reached skill level 4 in Spellcasting
  2544 | D:2      | Noticed Terence
  2555 | D:2      | HP: 1/35 [Terence (10)]
  2558 | D:2      | Mangled by Terence

Illustrated notes

Levels and vault maps discovered:
D:1:      giann_horns, layout_basic, hellmonk_ecumenical_altar_leap_of_faith
D:2:      layout_basic, serial_forest, infiniplex_forest_straight_3,
          infiniplex_forest_lined_2, infiniplex_forest_zigzag_2,
          infiniplex_forest_end_2, infiniplex_forest_lined_2,
          infiniplex_forest_lined_corner, infiniplex_forest_clump_long,
          infiniplex_forest_end_2, infiniplex_forest_lined_3,
          chequers_decorated_corner, eino_curves_01, uniq_jessica, uniq_natasha,
          uniq_terence, uniq_crazy_yiuf_cottage

Skill      XL: |  1  2  3  4  5 |
---------------+----------------+-----
Spellcasting   | 3 4 |  4.0
Dodging        | 3 |  3.0
Stealth        | |  1.5

Action                   |  1- 3 |  4- 6 || total
-------------------------+-------+-------++-------
Melee: Whip              |     1 |       ||     1
       Falchion          |       |    26 ||    26
 Cast: Foxfire           |    52 |    51 ||   103
       Magic Dart        |     4 |     3 ||     7
       Corpse Rot        |       |     2 ||     2
  Use: Scroll            |     2 |       ||     2
       Potion            |       |     1 ||     1
Armor: Robe              |     5 |     1 ||     6
Dodge: Dodged            |     6 |     2 ||     8
       Rpst.: Falchion   |       |     1 ||     1

Table legend: (Time is in decaauts)
 A = Elapsed time spent in this place.
 B = Non-inter-level travel time spent in this place.
 C = Inter-level travel time spent in this place.
 D = Time resting spent in this place.
 E = Time spent auto-exploring this place.
 F = Levels seen in this place.
 G = Mean time per level.
                   A        B        C        D        E       F      G
               +--------+--------+--------+--------+--------+-----+--------+
         Total |   2561 |   2519 |     42 |     22 |   2127 |   2 | 1280.5 |
       Dungeon |   2561 |   2519 |     42 |     22 |   2127 |   2 | 1280.5 |
               +--------+--------+--------+--------+--------+-----+--------+

Top non-repeatable levels by time:
     D:1: 1343 daAuts
     D:2: 1218 daAuts
